[Event "ICC tourney 2021 (75 10)"]
[Site "Internet Chess Club"]
[Date "2020.09.27"]
[Round "5"]
[White "kgeisenman32"]
[Black "doudou2011"]
[Result "1/2-1/2"]
[ICCResult "Game drawn because neither player has mating material"]
[WhiteElo "1361"]
[BlackElo "1384"]
[Opening "Queen's pawn game"]
[ECO "D02"]
[NIC "QP.08"]
[Time "16:31:21"]
[TimeControl "4500+10"]

1. d4 d5 2. Nf3 e6 3. Bf4 Nf6 4. e3 Bd6 5. Bxd6 Qxd6 6. c3 O-O 7. Bd3 b6 8.
O-O a5 9. Nbd2 Ba6 10. c4 c5 11. b3 Nc6 12. Qe2 Nb4 13. a3 Nxd3 14. Qxd3
Rfc8 15. Rfc1 Rd8 16. Qc2 Rac8 17. dxc5 Qxc5 18. b4 Qc7 19. c5 bxc5 20. Qxc5
Qxc5 21. bxc5 Rc7 22. a4 Rdc8 23. Nb3 Ne4 24. Nxa5 Nxc5 25. Nd4 Nxa4 26.
Rxc7 Rxc7 27. Nac6 Bb5 28. Nxb5 Rxc6 29. Kf1 Nb6 30. Ra6 Kf8 31. Ke2 e5 32.
f3 Rg6 33. g3 Nc4 34. Rxg6 hxg6 35. Nc3 Nb6 36. Kd3 Ke7 37. f4 f6 38. g4 Ke6
39. h3 Nc4 40. fxe5 fxe5 41. Ne2 Kd6 42. Ng3 Kc5 43. h4 e4+ 44. Ke2 Ne5 45.
g5 Nf3 46. h5 gxh5 47. Nxh5 g6 48. Nf4 Nxg5 49. Nxg6 d4 50. exd4+ Kxd4 51.
Nf4 Nf3 52. Ne6+ Kc4 53. Ke3 Kd5 54. Nc5 Nd4 55. Nxe4
{Game drawn because neither player has mating material}
1/2-1/2

[Event "ICC tourney 2021 (75 10)"]
[Site "Internet Chess Club"]
[Date "2020.09.27"]
[Round "5"]
[White "wildrumpus"]
[Black "beibeiolivia"]
[Result "0-1"]
[ICCResult "White resigns"]
[WhiteElo "1424"]
[BlackElo "1292"]
[Opening "Queen's pawn game"]
[ECO "D00"]
[NIC "QP.08"]
[Time "16:31:22"]
[TimeControl "4500+10"]

1. d4 d5 2. e3 Bf5 3. Bd3 Bg6 4. Nf3 Nc6 5. c4 e6 6. a3 Nf6 7. Nc3 Be7 8.
O-O O-O 9. Re1 Re8 10. b4 a6 11. Qc2 dxc4 12. Bxg6 hxg6 13. Bb2 Nd5 14. Na4
Qd6 15. Nc5 b6 16. Qxc4 bxc5 17. dxc5 Qd8 18. Rad1 Qc8 19. Qg4 Nf6 20. Qg3
Rd8 21. Rc1 Qd7 22. Kf1 Qd3+ 23. Re2 Rac8 24. Ke1 Qb3 25. Rec2 Na7 26. Qh3
Nh7 27. Nd4 Qd5 28. Rd2 Qh5 29. Qg3 Nf6 30. Rdc2 Nb5 31. Nc6 Rd7 32. a4 Na7
33. Nxa7 Rcd8 34. Bd4 Nd5 35. Nc6 Re8 36. Nxe7+ Rexe7 37. Bc3 Nxc3 38. Rxc3
Qd5 39. R3c2 Qb3 40. Qh4 Re8 41. a5 Rb8 42. Rc4 Rbd8 43. Qg4 Rd2 44. R4c3
Qb2 45. Qc4 Rxf2 46. R3c2 Rxc2 47. Rxc2 Qa1+ 48. Kf2 Qf6+ 49. Qf4 Qxf4+ 50.
exf4 Rd4 51. Rb2 Rxf4+ 52. Ke3 Rf5 53. b5 Rxc5 54. b6 cxb6 55. axb6 Rc8 56.
Ra2 Kf8 57. Rxa6 Ke7 58. Ra7+ Kf6 59. Rc7 Rb8 60. b7 e5 61. Ke4 Ke6 62. g4
f5+ 63. gxf5+ gxf5+ 64. Ke3 g5 65. Rc6+ Kd5 66. Rb6 Kc5 67. Rb1 e4 68. Rg1
Rxb7 69. Rxg5 Rb3+ 70. Kf2 Rf3+ 71. Kg2 Kd5 72. h4 Ke5 73. h5 Kf4 74. Rg8 e3
75. h6 e2 76. Re8 Re3 77. Rxe3 Kxe3 78. h7 e1=Q 79. h8=Q Qf2+ 80. Kh1 Qf3+
81. Kh2 Kf2 82. Qb2+ Qe2 83. Qxe2+ Kxe2 84. Kg3 Ke3 85. Kg2 f4 86. Kg1 Ke2
87. Kg2 f3+ 88. Kg1 f2+ 89. Kg2 f1=Q+ 90. Kg3 Qf5 91. Kg2 Qf3+ 92. Kg1 Qg4+
93. Kh2 Kf2 {White resigns} 0-1

[Event "ICC tourney 2021 (75 10)"]
[Site "Internet Chess Club"]
[Date "2020.09.27"]
[Round "5"]
[White "Electryon"]
[Black "bbrockva"]
[Result "1/2-1/2"]
[ICCResult "Game drawn by mutual agreement"]
[WhiteElo "1382"]
[BlackElo "1479"]
[Opening "Queen's pawn, Mason variation"]
[ECO "D00"]
[NIC "QP.08"]
[Time "16:31:32"]
[TimeControl "4500+10"]

1. d4 d5 2. Bf4 Nf6 3. e3 c5 4. c3 Qb6 5. Qb3 c4 6. Qc2 Nc6 7. Be2 Bf5 8.
Qc1 e6 9. Nd2 Be7 10. h3 h6 11. Ngf3 O-O 12. O-O Qd8 13. b3 b5 14. a4 a6 15.
axb5 axb5 16. bxc4 bxc4 17. Rxa8 Qxa8 18. Qb2 Qc8 19. Ra1 Rd8 20. Bd1 Rd7
21. Ra2 Qb7 22. Qa1 g5 23. Bh2 Kg7 24. Ne5 Rd8 25. Nxc6 Qxc6 26. Bc2 Bxc2
27. Rxc2 Ra8 28. Ra2 Rxa2 29. Qxa2 Bd6 30. f3 Bxh2+ 31. Kxh2 Qd6+ 32. Kg1 e5
33. Nf1 exd4 34. exd4 Nh5 35. Ne3 Qe6 36. Qf2 Nf4 37. Qd2 Nd3 38. Ng4 f5 39.
Nf2 Nxf2 40. Kxf2 f4 41. h4 Qf5 42. hxg5 hxg5 43. g4 fxg3+ 44. Kxg3 Kf6 45.
f4 gxf4+ 46. Qxf4 Kg6 47. Qxf5+ Kxf5 48. Kf3 Kg5 49. Kg3 Kf5 50. Kf3 Kg5 51.
Ke3 Kf5 52. Kf3 Kg5 53. Ke3 {Game drawn by mutual agreement} 1/2-1/2

[Event "ICC tourney 2021 (75 10)"]
[Site "Internet Chess Club"]
[Date "2020.09.27"]
[Round "5"]
[White "kween26"]
[Black "chess278"]
[Result "1-0"]
[ICCResult "Black resigns"]
[WhiteElo "1270"]
[BlackElo "1496"]
[Opening "Caro-Kann: exchange variation"]
[ECO "B13"]
[NIC "CK.02"]
[Time "16:31:28"]
[TimeControl "4500+10"]

1. e4 c6 2. d4 d5 3. exd5 cxd5 4. Nf3 Nf6 5. Bd3 Bg4 6. h3 Bxf3 7. Qxf3 e6
8. O-O Bd6 9. Bg5 Nbd7 10. Nc3 a6 11. Rfe1 O-O 12. Rad1 Qc7 13. Re2 Rac8 14.
a3 b5 15. Nb1 Rfe8 16. Nd2 h6 17. Bxf6 Nxf6 18. Nf1 e5 19. dxe5 Bxe5 20. c3
Bd6 21. Ne3 Qc6 22. Red2 Rcd8 23. Nf5 Bf8 24. Nd4 Qd6 25. Bc2 Ne4 26. Bxe4
dxe4 27. Qe3 Qg6 28. Ne2 Rxd2 29. Rxd2 Be7 30. Nf4 Qc6 31. Qe2 Bg5 32. Qe3
Qc7 33. g3 Qe5 34. h4 Be7 35. Rd5 Qb8 36. Kg2 Bf6 37. Rd7 Bd8 38. Qc5 Bb6
39. Qd5 e3 40. Qxf7+ {Black resigns} 1-0

[Event "ICC tourney 2021 (75 10)"]
[Site "Internet Chess Club"]
[Date "2020.09.27"]
[Round "5"]
[White "shrey16ultimate"]
[Black "WizardY"]
[Result "0-1"]
[ICCResult "White resigns"]
[WhiteElo "1588"]
[BlackElo "1216"]
[Opening "Queen's pawn: London system"]
[ECO "A45"]
[NIC "QP.07"]
[Time "16:31:24"]
[TimeControl "4500+10"]

1. d4 Nf6 2. Bf4 g6 3. e3 Bg7 4. h3 O-O 5. c4 d6 6. Nf3 c5 7. Nc3 Nbd7 8.
Be2 b6 9. Qd2 Bb7 10. d5 a6 11. e4 Qc7 12. Bh6 e6 13. Bxg7 Kxg7 14. Rd1 e5
15. Nh2 h5 16. h4 Rh8 17. g4 hxg4 18. Nxg4 Nxg4 19. Bxg4 Nf6 20. Qg5 Nxg4
21. Qxg4 Rh5 22. Ne2 Rah8 23. Ng3 R5h7 24. h5 Qc8 25. Qg5 Qc7 26. h6+ Kf8
27. Ke2 Qe7 28. Qe3 Bc8 29. Rh2 Qf6 30. Rdh1 g5 31. Qb3 Rxh6 32. Rxh6 Rxh6
33. Rxh6 Qxh6 34. Qxb6 Bg4+ 35. Kd2 Qf6 36. Nf5 Bxf5 37. exf5 Qxf5 38. Qxd6+
Kg7 39. Qxc5 g4 40. Qe3 f6 41. c5 Qb1 42. Qb3 Qf1 43. Qg3 Qc4 44. d6 Qxc5
45. Qxg4+ Kf8 46. Qe6 Qxf2+ 47. Kc3 Qd4+ 48. Kc2 Qc5+ 49. Kb3 Qb6+ 50. Kc2
Qc5+ 51. Kd2 Qd4+ 52. Kc2 Qc5+ 53. Kd1 Qd4+ 54. Kc1 Qc5+ 55. Kd1 Qd4+ 56.
Ke2 Qxb2+ 57. Kd3 Qd4+ 58. Kc2 Qc5+ 59. Kb2 Qb6+ 60. Kc3 Qc5+ 61. Kb3 Qb6+
62. Ka3 Qa5+ 63. Kb2 Qb6+ 64. Kc1 Qc5+ 65. Kd2 Qd4+ 66. Ke2 Qb2+ 67. Kf3
Qc3+ 68. Kg4 Qd4+ 69. Kf3 Qf4+ 70. Kg2 Qg5+ 71. Kh3 Qh5+ 72. Kg3 Qg5+ 73.
Kh2 Qh4+ 74. Qh3 Qxh3+ 75. Kxh3 Kf7 76. Kg4 Ke6 77. Kf3 Kxd6 78. Ke4 Kc5 79.
Kf5 Kb4 {White resigns} 0-1

[Event "ICC tourney 2021 (75 10)"]
[Site "Internet Chess Club"]
[Date "2020.09.27"]
[Round "6"]
[White "RachanaB"]
[Black "MehPlayer"]
[Result "0-1"]
[ICCResult "White resigns"]
[WhiteElo "1587"]
[BlackElo "1623"]
[Opening "Sicilian: accelerated fianchetto, modern variation"]
[ECO "B34"]
[NIC "SI.33"]
[Time "20:02:52"]
[TimeControl "4500+10"]

1. e4 c5 2. Nf3 Nc6 3. d4 cxd4 4. Nxd4 g6 5. Nc3 Bg7 6. Be3 Nf6 7. Be2 O-O
8. Qd2 d5 9. f3 dxe4 10. fxe4 Nxe4 11. Nxe4 Nxd4 12. Bxd4 Qxd4 13. Qxd4 Bxd4
14. O-O-O Bg7 15. h4 Bf5 16. Ng5 Rac8 17. c3 Bh6 18. Bd3 Bxd3 19. Rxd3 f6
20. Kb1 fxg5 21. hxg5 Bxg5 22. Rd7 Rb8 23. Re1 Rf2 24. g4 Rg2 25. Rd4 Rf8
26. Red1 h5 27. gxh5 gxh5 28. Rh1 h4 29. Re4 Rff2 30. Rb4 b6 31. a3 Rf3 32.
Ka1 h3 33. Re4 h2 34. Ka2 Rff2 35. Rb4 Rg1 {White resigns} 0-1

[Event "ICC tourney 2021 (75 10)"]
[Site "Internet Chess Club"]
[Date "2020.09.27"]
[Round "6"]
[White "VirginiaGuy"]
[Black "siddharthr"]
[Result "0-1"]
[ICCResult "White resigns"]
[WhiteElo "1510"]
[BlackElo "1665"]
[Opening "Queen's pawn game, Rubinstein (Colle-Zukertort) variation"]
[ECO "D05"]
[NIC "QP.08"]
[Time "20:02:38"]
[TimeControl "4500+10"]

1. d4 d5 2. Nf3 Nf6 3. e3 e6 4. Bd3 c5 5. b3 Be7 6. Nbd2 O-O 7. O-O a6 8.
Ne5 b5 9. c4 dxc4 10. bxc4 cxd4 11. exd4 Qxd4 12. Qf3 Qxa1 13. Qxa8 Qxe5 14.
Nf3 Qc7 15. Be3 bxc4 16. Bxc4 Bd7 17. Bxa6 Bc6 18. Qa7 Qxa7 19. Bxa7 Nxa6
20. Ne5 Bd5 21. Be3 Bd6 22. Nf3 Bxf3 23. gxf3 Bc5 24. a4 Bxe3 25. fxe3 h6
{White resigns}
0-1

[Event "ICC tourney 2021 (75 10)"]
[Site "Internet Chess Club"]
[Date "2020.09.27"]
[Round "6"]
[White "mathewjiang"]
[Black "Electryon"]
[Result "1-0"]
[ICCResult "Black resigns"]
[WhiteElo "1685"]
[BlackElo "1372"]
[Opening "QGD Slav: 4.e3"]
[ECO "D11"]
[NIC "QP.08"]
[Time "20:02:44"]
[TimeControl "4500+10"]

1. d4 d5 2. Nf3 Nf6 3. c4 c6 4. e3 Bg4 5. Be2 e6 6. h3 Bh5 7. O-O Bd6 8. Nc3
Nbd7 9. b3 O-O 10. Bb2 Qe7 11. c5 Bc7 12. b4 e5 13. b5 e4 14. Nd2 Bxe2 15.
Qxe2 Ne8 16. a4 f5 17. a5 Bd8 18. a6 b6 19. bxc6 Nb8 20. Nxd5 Qf7 21. Qc4
bxc5 22. Qxc5 Nc7 23. Nxc7 Bxc7 24. d5 Rd8 25. Qb5 Bb6 26. Nc4 Rxd5 27. Qb3
Nxc6 28. Nxb6 Rb8 29. Qxd5 Rxb6 30. Qxf7+ Kxf7 31. Bd4 Nxd4 32. exd4
{Black resigns}
1-0

[Event "ICC tourney 2021 (75 10)"]
[Site "Internet Chess Club"]
[Date "2020.09.27"]
[Round "6"]
[White "AdityaBang"]
[Black "cayo89"]
[Result "0-1"]
[ICCResult "White checkmated"]
[WhiteElo "1356"]
[BlackElo "1511"]
[Opening "Pirc defense"]
[ECO "B07"]
[NIC "PU.08"]
[Time "20:03:00"]
[TimeControl "4500+10"]

1. e4 d6 2. d4 Nf6 3. Nc3 e5 4. d5 c6 5. Bd3 Be7 6. Nf3 Nbd7 7. Bg5 Nxd5 8.
exd5 Bxg5 9. Nxg5 Qxg5 10. dxc6 bxc6 11. Ne4 Qe7 12. Qf3 d5 13. O-O-O dxe4
14. Bxe4 O-O 15. Bxc6 Rb8 16. Bd5 Nf6 17. Qg3 Nxd5 18. Rxd5 f6 19. Ra5 Qb4
20. Qa3 Qxa3 21. Rxa3 Rb7 22. h3 Rd8 23. Rf1 Rbd7 24. b3 a6 25. b4 Bb7 26.
f3 Rd2 27. Rg1 Rf2 28. Rc3 Rdd2 29. Rc7 Bd5 30. Rc8+ Kf7 31. Rc7+ Ke6 32. c4
Rc2+ 33. Kb1 Bxc4 34. Rxg7 Rb2+ 35. Kc1 Bxa2 36. Rxh7 Rb1# {White
checkmated} 0-1

[Event "ICC tourney 2021 (75 10)"]
[Site "Internet Chess Club"]
[Date "2020.09.27"]
[Round "6"]
[White "wulovechess"]
[Black "aakashjr"]
[Result "1/2-1/2"]
[ICCResult "Game drawn by mutual agreement"]
[WhiteElo "1397"]
[BlackElo "1496"]
[Opening "Scandinavian: Marshall variation"]
[ECO "B01"]
[NIC "SD.03"]
[Time "20:02:51"]
[TimeControl "4500+10"]

1. e4 d5 2. exd5 Nf6 3. d4 Nxd5 4. Nf3 Nc6 5. Bb5 e6 6. O-O Bd6 7. c4 Nf6 8.
c5 Be7 9. Bf4 Nd5 10. Bg3 O-O 11. Nc3 Bd7 12. Re1 a6 13. Bc4 Nxc3 14. bxc3
Bf6 15. Rb1 Na5 16. Bd3 Bc6 17. Ne5 Bxe5 18. Bxe5 Qg5 19. Bg3 Bd5 20. Re5 f5
21. Qe2 Nc6 22. Rxd5 exd5 23. Bxc7 Rae8 24. Qf3 f4 25. Bd6 Rf7 26. Qh3 h6
27. Qf3 g6 28. h4 {Game drawn by mutual agreement} 1/2-1/2

[Event "ICC tourney 2021 (75 10)"]
[Site "Internet Chess Club"]
[Date "2020.09.27"]
[Round "6"]
[White "FlowingMelody"]
[Black "wildrumpus"]
[Result "1/2-1/2"]
[ICCResult "Game drawn by mutual agreement"]
[WhiteElo "1274"]
[BlackElo "1435"]
[Opening "Caro-Kann: Bronstein-Larsen variation"]
[ECO "B16"]
[NIC "CK.07"]
[Time "20:02:37"]
[TimeControl "4500+10"]

1. e4 c6 2. d4 d5 3. Nc3 dxe4 4. Nxe4 Nf6 5. Nxf6+ gxf6 6. c3 Bf5 7. Bd3 Bg6
8. Nf3 e6 9. Bf4 Bd6 10. Bg3 Bxg3 11. hxg3 Qb6 12. Bxg6 fxg6 13. b3 Nd7 14.
Qe2 O-O-O 15. O-O-O Rde8 16. Rh2 e5 17. dxe5 Nxe5 18. Nxe5 Rxe5 19. Qc2 f5
20. c4 Qc7 21. f4 Re7 22. Rhh1 Rhe8 23. Rd2 Qb6 24. Rhd1 Qe3 25. Qd3 Qxd3
26. Rxd3 Re3 27. Kc2 Rxd3 28. Kxd3 Rd8+ 29. Kc2 Rxd1 30. Kxd1 Kd7 31. Kd2 c5
32. a3 a5 33. Ke3 Ke6 34. Kf3 h5 35. Kf2 Kf6 36. Kf3 g5 37. Ke3 Kg6 38. Kf3
h4 39. fxg5 hxg3 40. Kxg3 Kxg5 41. Kf3 f4 42. g3 fxg3 43. Kxg3 Kf5 44. Kf3
Ke5 45. Ke3 Kd6 46. Kf4 Ke6 {Game drawn by mutual agreement} 1/2-1/2

[Event "ICC tourney 2021 (75 10)"]
[Site "Internet Chess Club"]
[Date "2020.09.27"]
[Round "6"]
[White "doudou2011"]
[Black "ChessG2011"]
[Result "1-0"]
[ICCResult "Black resigns"]
[WhiteElo "1389"]
[BlackElo "1020"]
[Opening "King's Indian: fianchetto without c4"]
[ECO "A49"]
[NIC "QP.06"]
[Time "20:02:38"]
[TimeControl "4500+10"]

1. d4 Nf6 2. Nf3 g6 3. g3 Bg7 4. Bg2 O-O 5. O-O d5 6. Nbd2 Nbd7 7. c4 dxc4
8. Nxc4 Nb6 9. Nxb6 cxb6 10. Bf4 Nd5 11. Bd2 Nc7 12. Bc3 Nb5 13. a4 Nxc3 14.
bxc3 Bd7 15. Nh4 Bc6 16. e4 Bf6 17. Re1 Bxh4 18. gxh4 e6 19. Qg4 Qf6 20. e5
Qf5 21. Qxf5 gxf5 22. Bxc6 bxc6 23. Re3 h6 24. Rg3+ Kh7 25. Kh1 Rg8 26. Rag1
Rg6 27. h5 Rgg8 28. f4 Rac8 29. R1g2 Rxg3 30. hxg3 Rg8 31. Kh2 Rg4 32. Rb2
Rg8 33. Kg2 Kg7 34. Kf3 Kf8 35. c4 Ke7 36. a5 Rb8 37. axb6 axb6 38. Ra2 b5
39. Ra7+ Ke8 40. cxb5 cxb5 41. Ke2 b4 42. Kd2 b3 43. Kc1 Kf8 44. Kb2 Rb4 45.
Ra8+ Kg7 46. Rd8 Kh7 47. d5 exd5 48. Rxd5 Kg7 49. Rd3 f6 50. exf6+ Kxf6 51.
Rxb3 Rxb3+ 52. Kxb3 Ke6 53. Kc4 Kf7 54. Kd5 Kf6 55. Kd6 Kf7 {Black resigns}
1-0

[Event "ICC tourney 2021 (75 10)"]
[Site "Internet Chess Club"]
[Date "2020.09.27"]
[Round "6"]
[White "iszerencsy"]
[Black "erickh32"]
[Result "1-0"]
[ICCResult "Black checkmated"]
[WhiteElo "1372"]
[BlackElo "1441"]
[Opening "King's Indian: Petrosian system, Stein variation"]
[ECO "E92"]
[NIC "KI.17"]
[Time "20:02:40"]
[TimeControl "4500+10"]

1. d4 Nf6 2. c4 g6 3. Nc3 Bg7 4. e4 d6 5. Nf3 O-O 6. Be2 e5 7. d5 a5 8. h3
Na6 9. Be3 Bd7 10. Qd2 Qe8 11. Nh2 c5 12. Ng4 Nxg4 13. hxg4 f5 14. gxf5 gxf5
15. Bh5 Qe7 16. Bg5 Bf6 17. Bh6 Bg7 18. Bg5 Bf6 19. Bh6 Rfc8 20. g4 f4 21.
g5 Bxg5 22. Rg1 Kh8 23. Bxg5 Rg8 24. Bxe7 Rxg1+ 25. Ke2 Rxa1 26. Bf7 h6 27.
Bf6+ Kh7 28. Nd1 Rxa2 29. Be6 Ba4 30. Bf5+ Kg8 31. Nc3 Ra1 32. Nxa4 Rxa4 33.
Qd1 Kf7 34. Qxa4 Kxf6 35. Qd7 Rb8 36. Qe6+ Kg5 37. Qg6+ Kh4 38. Qg4#
{Black checkmated}
1-0

[Event "ICC tourney 2021 (75 10)"]
[Site "Internet Chess Club"]
[Date "2020.09.27"]
[Round "6"]
[White "beibeiolivia"]
[Black "messyblaster"]
[Result "1/2-1/2"]
[ICCResult "Game drawn by repetition"]
[WhiteElo "1271"]
[BlackElo "1582"]
[Opening "Scandinavian: Pytel-Wade variation"]
[ECO "B01"]
[NIC "SD.02"]
[Time "20:02:36"]
[TimeControl "4500+10"]

1. e4 d5 2. exd5 Qxd5 3. Nc3 Qd6 4. d4 Nf6 5. Nf3 c6 6. Bc4 Be6 7. Bb3 Nbd7
8. O-O Bxb3 9. axb3 e6 10. Re1 Be7 11. Qd3 O-O 12. Be3 a6 13. Rad1 Qc7 14.
Ne4 Nxe4 15. Qxe4 Nf6 16. Qd3 Rad8 17. c3 h6 18. Qc2 Bd6 19. h3 Nd5 20. c4
Nxe3 21. fxe3 f6 22. Rf1 Rfe8 23. c5 Bf8 24. Nd2 e5 25. Nc4 exd4 26. exd4
Re6 27. Qc3 Rde8 28. Rde1 Rxe1 29. Rxe1 Rxe1+ 30. Qxe1 Qd7 31. Qe4 Be7 32.
Nb6 Qc7 33. Qe6+ Kf8 34. Nd7+ Ke8 35. Nxf6+ gxf6 36. Qg8+ Kd7 37. Qg4+ Ke8
38. Qg6+ Kf8 39. Qxh6+ Kf7 40. Qh7+ Ke8 41. Qg6+ Kd8 42. Qg8+ Kd7 43. Qg4+
Ke8 44. Qg6+ Kf8 45. Qh6+ Kf7 46. Qh7+ Ke8 47. Qg6+ Kd7 48. Qg4+ Kd8 49.
Qg8+ Kd7 50. Qg4+ Ke8 51. Qg6+ Kf8 52. Qh6+ Kf7 {Game drawn by repetition}
1/2-1/2

[Event "ICC tourney 2021 (75 10)"]
[Site "Internet Chess Club"]
[Date "2020.09.27"]
[Round "6"]
[White "keshavarzip"]
[Black "handsomematch"]
[Result "0-1"]
[ICCResult "White resigns"]
[WhiteElo "1447"]
[BlackElo "1241"]
[Opening "Giuoco Piano"]
[ECO "C50"]
[NIC "IG.02"]
[Time "20:02:44"]
[TimeControl "4500+10"]

1. e4 e5 2. Nf3 Nc6 3. Bc4 Bc5 4. O-O d6 5. c3 Bg4 6. Be2 Nf6 7. d3 h6 8.
Nbd2 Qd7 9. b4 Bb6 10. a4 a6 11. Nc4 Ba7 12. Ne3 Be6 13. Kh1 O-O 14. Nh4 Ne7
15. f4 exf4 16. Rxf4 Ng6 17. Nxg6 fxg6 18. Ng4 Nxg4 19. Bxg4 Bxg4 20. Rxg4
Qxg4 21. Qb3+ Kh7 22. Ba3 Qe2 23. h3 Rf1+ 24. Rxf1 Qxf1+ 25. Kh2 Bf2 26. h4
Qg1+ 27. Kh3 Qh1+ 28. Kg4 Qxh4+ 29. Kf3 Qg3+ 30. Ke2 Qe3+ 31. Kd1 Qxd3+ 32.
Kc1 Be3+ 33. Kb2 Qd2+ 34. Qc2 Qxc2+ {White resigns} 0-1

[Event "ICC tourney 2021 (75 10)"]
[Site "Internet Chess Club"]
[Date "2020.09.27"]
[Round "6"]
[White "Cougar2020"]
[Black "kween26"]
[Result "0-1"]
[ICCResult "White checkmated"]
[WhiteElo "1181"]
[BlackElo "1257"]
[Opening "Two knights defense (Modern bishop's opening)"]
[ECO "C55"]
[NIC "IG.01"]
[Time "20:02:43"]
[TimeControl "4500+10"]

1. e4 e5 2. Nf3 Nc6 3. Bc4 Nf6 4. d3 h6 5. O-O Bc5 6. c3 O-O 7. b4 Bd6 8. h3
a6 9. a4 b6 10. Be3 Bb7 11. Nbd2 Ne7 12. Re1 Ng6 13. Qb3 Rb8 14. Qc2 c5 15.
bxc5 bxc5 16. d4 cxd4 17. cxd4 Qe7 18. Qd3 Rfe8 19. dxe5 Nxe5 20. Nxe5 Bxe5
21. Rab1 Bc6 22. Bxa6 Bxa4 23. Rec1 Rxb1 24. Rxb1 Bc6 25. f3 Rb8 26. Rxb8+
Bxb8 27. Nb3 Qe5 28. Nd4 Qa5 29. Bf2 Qe5 30. Nxc6 dxc6 31. Qd8+ Kh7 32. Qd4
Qh2+ 33. Kf1 Qh1+ 34. Bg1 Bh2 35. Qf2 Nh5 36. Qe1 Qxg1+ 37. Ke2 Qxg2+ 38.
Qf2 Nf4+ 39. Ke1 Bg3 40. Qxg3 Qxg3+ 41. Kd1 Qxf3+ 42. Kc1 Nd3+ 43. Bxd3 Qxd3
44. e5 Kg6 45. e6 fxe6 46. h4 Kf5 47. h5 Ke4 48. Kb2 Kd4 49. Ka1 Qd2 50. Kb1
Kc3 51. Ka1 Qb2# {White checkmated} 0-1

[Event "ICC tourney 2021 (75 10)"]
[Site "Internet Chess Club"]
[Date "2020.09.27"]
[Round "6"]
[White "kgeisenman32"]
[Black "shrey16ultimate"]
[Result "0-1"]
[ICCResult "White resigns"]
[WhiteElo "1349"]
[BlackElo "1622"]
[Opening "Queen's bishop game"]
[ECO "D02"]
[NIC "QP.06"]
[Time "20:02:42"]
[TimeControl "4500+10"]

1. d4 Nf6 2. Nf3 d5 3. Bf4 Bf5 4. e3 e6 5. Bd3 Bg6 6. h3 c5 7. c3 Nc6 8. O-O
Qb6 9. Bxg6 hxg6 10. b3 Rc8 11. Nbd2 Be7 12. Qe2 O-O 13. Rfc1 cxd4 14. cxd4
Ba3 15. Rf1 Ne7 16. Qd3 Bb2 17. Rab1 Rc3 18. Qe2 Ba3 19. e4 dxe4 20. Nxe4
Nxe4 21. Qxe4 Rd8 22. Be3 Nd5 23. Bc1 Bxc1 24. Rbxc1 Rdc8 25. Rxc3 Nxc3 26.
Qh4 f6 27. Re1 Nxa2 28. Qe4 Kf7 29. d5 Re8 30. dxe6+ Rxe6 31. Qc4 Ke7 32.
Rxe6+ Qxe6 33. Qc5+ Kf7 34. Qxa7 Qxb3 35. Qd4 Nc3 36. Qd7+ Kg8 37. Qe8+ Kh7
38. h4 Qd1+ 39. Kh2 Qd5 40. Qc8 Ne4 41. Qc2 b5 42. Ne1 b4 43. f3 Qe5+ 44.
Kg1 Qc5+ 45. Qxc5 Nxc5 46. Nc2 b3 47. Na3 b2 48. Nb1 Kh6 49. g4 g5 50. h5 g6
51. hxg6 Kxg6 52. Kg2 Kf7 53. Kf2 Ke6 54. Ke3 Ke5 55. Nd2 Nb3 56. Nb1 Na5
57. Nd2 Kd5 58. Nb1 Kc4 59. Kd2 Kb3 60. Kd3 Nc4 61. Nd2+ Nxd2 62. Kxd2 b1=Q
{White resigns}
0-1